 Dungeon Crawl Stone Soup version 0.29.1-15-g9cfb28693d (webtiles) character file.

Game seed: 499777003301034642

113302 112233 the Ogre Mage (level 16, -1/183 HPs)
             Began as an Ogre Air Elementalist on Feb 23, 2023.
             Was an Initiate of Gozag.
             Slain by a fire elemental (8 damage)
             ... summoned by a deep elf pyromancer
             ... on level 1 of the Elven Halls.
             The game lasted 00:49:20 (54364 turns).

112233 the Ogre Mage (Ogre Air Elementalist)       Turns: 54364, Time: 00:49:20

Health: -1/183     AC: 10    Str: 16    XL:     16   Next: 62%
Magic:  27/37      EV: 13    Int: 30    God:    Gozag
Gold:   1232       SH:  0    Dex:  9    Spells: 31/49 levels left

rFire   . . .      SeeInvis .   m - staff of air
rCold   + . .      Faith    .   (no shield)
rNeg    . . .      Spirit   .   p - +2 robe of the Blue Moon {Regen+ Int+2}
rPois   .          Reflect  .   S - +1 hat
rElec   +          Harm     .   V - scarf {repulsion}
rCorr   .          Rampage  .   (gloves unavailable)
Will    ++...                   (boots unavailable)
Stlth   ++........              J - amulet of regeneration
HPRegen 2.00/turn               Q - +4 ring of protection
MPRegen 0.25/turn               F - ring "Gaowumen" {rC+ Will+ Int+6}

@: repel missiles
A: large, unfitting armour, tough skin 1
a: Renounce Religion, Potion Petition, Call Merchant, Bribe Branch


You were on level 1 of the Elven Halls.
You worshipped Gozag.
Gozag was most pleased with you.
You visited 7 branches of the dungeon, and saw 28 of its levels.

You collected 8964 gold pieces.
You spent 1320 gold pieces at shops.
You paid 6412 gold pieces to Gozag.

Inventory:

Hand Weapons
 Z - the +8 whip "Snakebite" {venom, curare, rPois}
   (You found it on level 2 of the Lair of Beasts)

   It poisons the flesh of those it strikes.
   It occasionally inflicts asphyxiating poison on those it strikes, dealing
   poison damage and causing slowness.
   rPois:     It protects you from poison.
Missiles
 i - 60 poisoned darts
 u - 3 throwing nets
 C - 6 atropa-tipped darts
Armour
 j - a scarf of invisibility
 o - the +0 robe of Yredelemnul's Regard {rElec Will+ rCorr Dex-2}
   (You bought it in a shop on level 4 of the Lair of Beasts)

   Dex:       It affects your dexterity (-2).
   rElec:     It insulates you from electricity.
   rCorr:     It protects you from acid and corrosion.
   Will:      It increases your willpower.
 p - the +2 robe of the Blue Moon (worn) {Regen+ Int+2}
   (You found it on level 1 of the Swamp)

   Int:       It affects your intelligence (+2).
   Regen:     It increases your rate of health regeneration.
 G - a +2 robe of resistance
 S - a +1 hat (worn)
 V - a scarf of repulsion (worn)
Magical Staves
 m - a staff of air (weapon)
Jewellery
 c - an amulet of the acrobat
 D - the ring "Reukeoh" {Fire rElec rPois Dex-3}
   (You found it on level 5 of the Lair of Beasts)

   [ring of fire]

   It enhances your fire magic.
   Dex:       It affects your dexterity (-3).
   rF:        It protects you from fire.
   rC:        It makes you vulnerable to cold.
   rElec:     It insulates you from electricity.
   rPois:     It protects you from poison.
 F - the ring "Gaowumen" (right hand) {rC+ Will+ Int+6}
   (You found it on level 7 of the Dungeon)

   [ring of willpower]

   Int:       It affects your intelligence (+6).
   rC:        It protects you from cold.
   Will:      It increases your willpower.
 J - an amulet of regeneration (around neck)
 M - an amulet of reflection
 Q - a +4 ring of protection (left hand)
 T - a ring of willpower
 Y - a ring of magical power
Wands
 r - a wand of flame (15)
 O - a wand of digging (8)
 X - a wand of charming (22)
Scrolls
 d - 2 scrolls of enchant armour
 f - 4 scrolls of identify
 h - 2 scrolls of amnesia
 k - 4 scrolls of poison
 q - 3 scrolls of immolation
 t - 7 scrolls of teleportation
 w - a scroll of silence
 y - 6 scrolls of blinking
 A - 3 scrolls of fear
 E - 4 scrolls of brand weapon
 H - 4 scrolls of noise
 K - 3 scrolls of torment
 L - 4 scrolls of magic mapping
 N - 6 scrolls of enchant weapon
 W - 4 scrolls of vulnerability
Potions
 a - 5 potions of flight
 b - 2 potions of magic
 e - 6 potions of heal wounds
 g - 3 potions of lignification
 l - 3 potions of degeneration
 n - 3 potions of brilliance
 s - 2 potions of ambrosia
 v - 5 potions of cancellation
 x - 3 potions of attraction
 z - 2 potions of resistance
 B - 6 potions of might
 I - 2 potions of invisibility
 P - 5 potions of mutation
 R - 8 potions of curing
 U - a potion of haste


   Skills:
 + Level 17.0 Fighting
 + Level 11.9 Dodging
 - Level 1.6 Stealth
 + Level 17.4 Spellcasting
 - Level 1.2 Conjurations
 * Level 15.3 Air Magic
 + Level 3.6 Evocations


You had 31 spell levels left.
You knew the following spells:

 Your Spells              Type           Power      Damage    Failure   Level
a - Shock                 Conj/Air       100%       1d9       1%          1
b - Static Discharge      Conj/Air       85%        3-14/arc  1%          2
c - Airstrike             Air            54%        2d(8-24)  1%          4
d - Swiftness             Air            100%       N/A       0%          3
e - Passwall              Tmut/Erth      21%        N/A       2%          2
f - Lightning Bolt        Conj/Air       42%        1d62      1%          5
g - Apportation           Tloc           52%        N/A       1%          1

Your spell library contained the following spells:

 Spells                   Type           Power      Damage    Failure   Level
 Sting                    Tmut/Pois      100%       1d8       1%          1
 Poisonous Vapours        Pois/Air       100%       N/A       1%          2
 Ensorcelled Hibernation  Hex/Ice        52%        N/A       2%          2
 Conjure Flame            Conj/Fire      29%        6-21      3%          3
 Gell's Gravitas          Tloc           26%        N/A       4%          3
 Ignite Poison            Fire/Tmut/Pois 26%        N/A       4%          3
 Lesser Beckoning         Tloc           26%        N/A       4%          3
 Ozocubu's Armour         Ice            26%        N/A       4%          3
 Spider Form              Tmut/Pois      26%        N/A       4%          3
 Teleport Other           Tloc           26%        N/A       4%          3
 Conjure Ball Lightning   Conj/Air       42%        3x3d15    9%          6
 Sticky Flame             Conj/Fire      29%        2d5       13%         4
 Anguish                  Hex/Necr       13%        N/A       16%         4
 Dispel Undead            Necr           26%        3d13      16%         4
 Olgreb's Toxic Radiance  Pois           26%        N/A       16%         4
 Maxwell's Capacitive Co  Air            54%        ∞         21%         8
 Iskenderun's Battlesphe  Conj           33%        2d9       26%         5
 Fireball                 Conj/Fire      14%        3d8       34%         5
 Alistair's Intoxication  Tmut/Pois      17%        N/A       41%         5
 Dispersal                Tloc           13%        N/A       94%         6
 Orb of Destruction       Conj           16%        9d7       100%        7
 Ozocubu's Refrigeration  Ice            13%        4d10      100%        7
 Corpse Rot               Necr/Pois/Air  Unusable   N/A       N/A         4

Dungeon Overview and Level Annotations

Branches:
Dungeon (15/15)            Temple (1/1) D:7            Lair (5/5) D:8
  Swamp (3/4) Lair:3       Spider (1/4) Lair:2        Slime (0/5) Lair:5
    Orc (2/2) D:10            Elf (1/3) Orc:2        Vaults (0/5) D:13
 Depths (0/4) D:15

Altars:
Ashenzari
Cheibriados
Dithmenos
Elyvilon
Fedhas
Gozag
Hepliaklqana
Kikubaaqudgha
Makhleb
Nemelex Xobeh
Okawaru
Qazlal
Ru
Sif Muna
Trog
Uskayaw
Vehumet
Wu Jian
Xom
Yredelemnul
Zin
The Shining One
Jiyva

Shops:
D:2 !   D:4 =   D:6 **   D:8 [   Orc:2 [?*!?   Lair:4 [:

Annotations:
D:2 1 runed translucent door, Crazy Yiuf
D:7 exclusion: upstairs
D:9 2 transporters, lenn0rt's ghost, novice GrEE
D:12 3 runed translucent doors, Quickbrownfox's ghost, journeyman DsIE
D:13 exclusion: upstairs
Lair:1 2 transporters
Lair:5 1 runed translucent door, exclusion: 3 oklob plants
Swamp:2 exclusion: downstairs
Orc:1 3 runed translucent doors, Dootley's ghost, journeyman FoFi
Elf:1 4 runed translucent doors


Innate Abilities, Weirdness & Mutations

You are too large for most types of armour.
You have tough skin. (AC +1)


Message History

The deep elf pyromancer is struck by an arc of lightning!
The deep elf pyromancer is severely wounded.
You resist.
You are struck by an arc of lightning.
The deep elf zephyrmancer is struck by an arc of lightning!
The deep elf zephyrmancer is severely wounded.
The deep elf pyromancer is struck by an arc of lightning!
The deep elf pyromancer is severely wounded.
You are covered in liquid flames!
The fire elemental hits you. The fire elemental burns you!
The fire elemental completely misses you.
The fire elemental hits you. The fire elemental burns you!
The fire elemental hits you. The fire elemental burns you!
* * * LOW HITPOINT WARNING * * *
The deep elf pyromancer gestures at you while chanting.
The sticky flame is repelled.
The sticky flame hits the deep elf zephyrmancer!
The deep elf zephyrmancer is covered in liquid flames!
The deep elf zephyrmancer casts a spell at you.
The bolt of lightning hits the fire elemental!
The fire elemental resists.
The bolt of lightning hits you! You resist.
* * * LOW HITPOINT WARNING * * *
The bolt of lightning hits the fire elemental!
The fire elemental resists.
The deep elf pyromancer hits you but does no damage.
You are covered in liquid flames!
* * * LOW HITPOINT WARNING * * *
You are no longer on fire.
The deep elf zephyrmancer shouts!
The deep elf zephyrmancer burns!
The fire elemental hits you. The fire elemental burns you!
* * * LOW HITPOINT WARNING * * *
The fire elemental hits you. The fire elemental burns you!
* * * LOW HITPOINT WARNING * * *
The fire elemental closely misses you. The fire elemental misses you.
The fire elemental closely misses you. x2; The fire elemental hits you.
The fire elemental burns you!
* * * LOW HITPOINT WARNING * * *
The fire elemental hits you. The fire elemental burns you!
You die...
Your body crumbles into a pile of gold.

###### ### ####
#....e##8##..)..
#.....EEE.+.....
$
+..$.☼E@E.+e....
#.....e.e.+e....
#.e...##8##..[..
###### ### #####


You could see a deep elf annihilator, a deep elf sorcerer, 2 deep elf
pyromancers, 2 deep elf zephyrmancers and 5 fire elementals.

Vanquished Creatures
  Mlioglotl (Swamp:3)
  An emperor scorpion (shapeshifter) (D:15)
  Nessos (Lair:4)
  2 eleionomae (Swamp:2)
  2 bunyips
  A great orb of eyes (D:15)
  A rakshasa (D:15)
  3 catoblepae (Lair:5)
  2 boulder beetles
  10 hydras
  A hydra (shapeshifter) (D:15)
  An ogre mage (Orc:1)
  8 two-headed ogres
  2 ghost crabs
  8 alligators
  A radroach (Spider:1)
  3 centaur warriors
  A death knight (D:14)
  7 death yaks
  A tengu warrior (D:15)
  4 orc high priests (Orc:2)
  4 goliath frogs
  A skeletal warrior (D:13)
  2 spriggan druids
  2 swamp dragons (Swamp:2)
  3 bog bodies
  Pikel (D:6)
  A deep elf archer (D:13)
  3 deep elf pyromancers
  2 deep elf zephyrmancers (D:13)
  4 orc knights
  A harpy (shapeshifter) (D:15)
  2 orc sorcerers (Orc:2)
  3 wolf spiders (Spider:1)
  An oklob plant (Lair:5)
  A will-o-the-wisp (Swamp:3)
  3 manticores
  15 ugly things
  3 cyclopes
  7 black mambas
  9 elephants
  10 cane toads
  A gargoyle (D:12)
  4 unseen horrors
  2 torpor snails
  3 centaur skeletons (D:13)
  5 komodo dragons
  A kobold demonologist (D:13)
  3 rime drakes
  A polar bear (shapeshifter) (D:14)
  9 trolls
  A bloated husk (Swamp:1)
  3 tarantellas (Spider:1)
  2 polar bears
  6 meliai (D:15)
  5 tyrant leeches
  A meliai (shapeshifter) (D:14)
  2 hornets
  14 slime creatures
  14 blink frogs
  Sigmund (D:4)
  3 dream sheep
  8 jumping spiders
  A vampire (D:10)
  3 spriggans
  2 culicivoras (Spider:1)
  2 shadows (D:11)
  3 wraiths
  A wyvern (Lair:3)
  55 yaks
  14 vampire mosquitoes
  5 basilisks
  9 redbacks
  2 steam dragons (D:8)
  2 wargs (Orc:1)
  8 swamp worms
  3 acid dragons
  20 water moccasins
  A floating eye (Lair:5)
  A swamp drake (Swamp:2)
  21 orc warriors
  3 ice beasts
  A sky beast (D:6)
  7 ogres
  A black bear (D:5)
  12 wolves
  11 centaurs
  3 phantoms
  4 kobold brigands
  Blork the orc (D:4)
  10 bullfrogs
  2 necrophages
  4 scorpions
  10 wights
  14 killer bees
  3 electric eels (D:10)
  5 howler monkeys
  A quasit (D:5)
  3 hounds
  5 gnoll boudas
  21 orc priests
  3 jellies
  Natasha (thrice) (D:4)
  4 iguanas
  29 orc wizards
  A boggart skeleton (D:13)
  Robin (D:2)
  26 gnolls
  11 adders
  A river rat (D:5)
  3 shadow imps (D:5)
  6 white imps (D:5)
  3 worms
  3 dart slugs
  40 orcs
  7 ball pythons
  7 endoplasms
  16 hobgoblins
  2 jackals (D:2)
  3 quokkas
  4 bats
  5 frilled lizards
  11 goblins
  22 kobolds
  15 rats
  2 butterflies
730 creatures vanquished.

Vanquished Creatures (collateral kills)
  2 cane toads (Lair:4)
  A steam dragon (Lair:4)
  An orc warrior (Orc:1)
  An orc wizard (Orc:1)
  5 orcs (Orc:1)
10 creatures vanquished.

Vanquished Creatures (others)
  A bloated husk (Swamp:2)
  An orc wizard (D:10)
  5 bushes
  3 demonic plants (D:5)
  47 fungi
  76 plants
  5 withered plants (D:7)
138 creatures vanquished.

Grand Total: 878 creatures vanquished

Notes
Turn   | Place    | Note
-------+----------+-------------------------------------------
     0 | D:1      | 112233 the Ogre Air Elementalist began the quest for the
                  | Orb.
     0 | D:1      | Reached XP level 1. HP: 16/16 MP: 3/3
   124 | D:1      | Reached skill level 1 in Conjurations
   289 | D:1      | Reached XP level 2. HP: 17/24 MP: 0/5
   409 | D:1      | Learned a level 2 spell: Static Discharge
  1279 | D:1      | Reached XP level 3. HP: 31/32 MP: 1/7
  1909 | D:2      | Reached skill level 1 in Fighting
  2019 | D:2      | Reached XP level 4. HP: 13/42 MP: 6/9
  2364 | D:2      | Noticed Robin
  2384 | D:2      | Killed Robin
  2387 | D:3      | Found a shimmering altar of Xom.
  2608 | D:3      | Found a glowing silver altar of Zin.
  2609 | D:3      | Noticed an angel
  2663 | D:3      | Reached XP level 5. HP: 47/52 MP: 1/11
  3119 | D:3      | Found a faded altar of an unknown god.
  4045 | D:2      | Found Xorak's Distillery.
  4053 | D:2      | Bought a potion of degeneration for 10 gold pieces
  4053 | D:2      | Bought a potion of ambrosia for 80 gold pieces
  4177 | D:2      | Found a runed translucent door.
  4178 | D:2      | Noticed Crazy Yiuf
  4684 | D:3      | Found an iron altar of Okawaru.
  4727 | D:4      | Found Umatymen's Jewellery Shop.
  4733 | D:4      | Reached XP level 6. HP: 54/61 MP: 6/13
  4847 | D:4      | Identified a scroll of acquirement
  4849 | D:4      | Acquired 534 gold pieces
  4856 | D:4      | Noticed Natasha
  4861 | D:4      | Killed Natasha
  4868 | D:4      | Learned a level 4 spell: Airstrike
  4873 | D:4      | Reached skill level 5 in Spellcasting
  4885 | D:4      | Learned a level 3 spell: Swiftness
  4969 | D:5      | Entered Level 5 of the Dungeon
  5192 | D:5      | Noticed a black bear
  5207 | D:5      | Killed a black bear
  5208 | D:5      | Reached XP level 7. HP: 34/71 MP: 0/15
  5363 | D:4      | Noticed Natasha
  5372 | D:5      | Reached skill level 5 in Fighting
  5543 | D:5      | You fall into a shaft and drop 2 floors!
  5582 | D:6      | Found Mynuq's General Store.
  5632 | D:6      | Found Mofov's Lightly-Used Armoury.
  5677 | D:6      | Found a bloodstained altar of Trog.
  5836 | D:6      | Reached XP level 8. HP: 80/81 MP: 10/18
  6851 | D:4      | Killed Natasha
  6852 | D:4      | Reached skill level 5 in Air Magic
  7099 | D:4      | Noticed Blork the orc
  7104 | D:4      | Killed Blork the orc
  7339 | D:4      | Noticed Natasha
  7341 | D:4      | Killed Natasha
  7765 | D:4      | Found a white marble altar of Elyvilon.
  7769 | D:4      | Noticed Sigmund
  7771 | D:4      | Killed Sigmund
  8211 | D:5      | Reached XP level 9. HP: 44/93 MP: 9/22
  8640 | D:6      | Noticed Pikel
  8815 | D:7      | Identified the ring "Gaowumen" {rC+ Will+ Int+6}
  8971 | D:7      | Identified the +7 ring mail of Sufficient Lucidity {Str+4}
  9159 | D:7      | Found a blossoming altar of Fedhas.
  9160 | D:7      | Found an ancient bone altar of Kikubaaqudgha.
  9347 | D:7      | Reached skill level 10 in Spellcasting
  9895 | D:7      | Found a staircase to the Ecumenical Temple.
 10067 | D:8      | Found a staircase to the Lair.
 10447 | D:8      | Found Jinnekhi's Armour Shop.
 10465 | Temple   | Entered the Ecumenical Temple
 10473 | Temple   | Became a worshipper of Gozag Ym Sagoz the Greedy
 10549 | D:6      | Killed Pikel
 10550 | D:6      | Reached XP level 10. HP: 67/106 MP: 6/24
 12584 | D:8      | Noticed a two-headed ogre
 12787 | D:8      | Found a shadowy altar of Dithmenos.
 12790 | D:8      | Found a shimmering blue altar of Sif Muna.
 12790 | D:8      | Found a broken altar of Ashenzari.
 12795 | D:8      | Killed a two-headed ogre
 13486 | D:9      | Found a transporter.
 13490 | D:9      | Noticed lenn0rt's ghost (novice GrEE)
 13491 | D:9      | Found a transporter.
 13492 | D:9      | Noticed a two-headed ogre
 13492 | D:9      | Noticed a two-headed ogre
 13493 | D:9      | Identified the +10 dire flail of the End {chaos, rF+ Str+2}
 13493 | D:9      | Noticed a two-headed ogre
 13621 | D:9      | Found an ornate altar of the Wu Jian Council.
 13621 | D:9      | Found a hazy altar of Hepliaklqana.
 13622 | D:9      | Found a burning altar of Makhleb.
 14252 | D:10     | Entered Level 10 of the Dungeon
 14524 | D:10     | Reached skill level 10 in Fighting
 15170 | D:10     | Found a staircase to the Orcish Mines.
 15174 | D:10     | Found a stormy altar of Qazlal.
 15298 | D:10     | Noticed a deep elf pyromancer
 15303 | D:10     | Killed a deep elf pyromancer
 15304 | D:10     | Reached XP level 11. HP: 109/119 MP: 7/27
 15320 | D:10     | Reached skill level 5 in Dodging
 15734 | Orc:1    | Entered Level 1 of the Orcish Mines
 15738 | Orc:1    | Learned a level 2 spell: Passwall
 15780 | Orc:1    | Found a runed translucent gate.
 15780 | Orc:1    | Found a runed translucent gate.
 15780 | Orc:1    | Found a runed translucent gate.
 15791 | Orc:1    | Noticed an orc knight
 15793 | Orc:1    | Noticed a centaur warrior
 15794 | Orc:1    | Noticed a merfolk impaler
 15794 | Orc:1    | Noticed Dootley's ghost (journeyman FoFi)
 15795 | Orc:1    | Noticed a tengu warrior
 15798 | Orc:1    | Found an iron altar of Okawaru.
 16061 | Orc:1    | Noticed an orc knight
 16532 | Orc:1    | Killed an orc knight
 16988 | Orc:2    | Entered Level 2 of the Orcish Mines
 17205 | Orc:2    | Noticed a two-headed ogre
 17206 | Orc:2    | Noticed a two-headed ogre
 17538 | Orc:1    | Killed a two-headed ogre
 17681 | Orc:2    | Noticed a two-headed ogre
 17931 | Orc:2    | Noticed an orc knight
 17932 | Orc:2    | Noticed a two-headed ogre
 18205 | Orc:2    | Noticed an ogre mage
 18298 | Orc:2    | Noticed a two-headed ogre
 18424 | Orc:1    | Killed a two-headed ogre
 18426 | Orc:1    | Killed an ogre mage
 19508 | Orc:1    | Killed a two-headed ogre
 19649 | Orc:1    | Killed an orc knight
 19829 | Orc:2    | Reached XP level 12. HP: 120/130 MP: 20/29
 19992 | Orc:2    | Killed a two-headed ogre
 20324 | Orc:2    | Killed a two-headed ogre
 20421 | Orc:2    | Found a staircase to the Elven Halls.
 20491 | Orc:2    | Found Xiku Myh's Antique Armour Shoppe.
 20528 | Orc:2    | Noticed an orc high priest
 20752 | Orc:2    | Killed an orc high priest
 21318 | Orc:2    | Noticed an orc high priest
 21322 | Orc:2    | Killed an orc high priest
 21995 | Orc:2    | Noticed an orc high priest
 21999 | Orc:2    | Killed an orc high priest
 22434 | Orc:2    | Noticed an orc high priest
 22437 | Orc:2    | Killed an orc high priest
 22562 | Orc:2    | Found Vuxtuv's Distillery.
 22562 | Orc:2    | Found Ximozaebb's Magic Scroll Shop.
 22563 | Orc:2    | Found Anebb's General Store.
 22569 | Orc:2    | Found Rihorearr's Magic Scroll Boutique.
 22820 | Orc:2    | Bought a potion of heal wounds for 60 gold pieces
 22820 | Orc:2    | Bought a potion of heal wounds for 60 gold pieces
 22820 | Orc:2    | Bought a potion of heal wounds for 60 gold pieces
 22820 | Orc:2    | Bought a potion of haste for 120 gold pieces
 22820 | Orc:2    | Bought a potion of magic for 96 gold pieces
 22824 | Orc:2    | Bought a potion of curing for 36 gold pieces
 22824 | Orc:2    | Bought a potion of curing for 36 gold pieces
 22824 | Orc:2    | Bought a potion of curing for 36 gold pieces
 22826 | Orc:2    | Bought a scroll of fear for 64 gold pieces
 22826 | Orc:2    | Bought a scroll of teleportation for 48 gold pieces
 22826 | Orc:2    | Bought a scroll of teleportation for 48 gold pieces
 22828 | Orc:2    | Bought a scroll of magic mapping for 82 gold pieces
 22828 | Orc:2    | Bought a scroll of teleportation for 33 gold pieces
 22830 | Orc:2    | Bought a scroll of blinking for 105 gold pieces
 22830 | Orc:2    | Bought a potion of curing for 42 gold pieces
 22830 | Orc:2    | Bought a scarf of repulsion for 168 gold pieces
 22981 | D:9      | Noticed a two-headed ogre
 23018 | Lair:1   | Entered Level 1 of the Lair of Beasts
 23083 | Lair:1   | Found a transporter.
 23499 | Lair:1   | Found a transporter.
 23577 | Lair:1   | Learned a level 5 spell: Lightning Bolt
 24777 | Lair:2   | Found a hole to the Spider Nest.
 24912 | Lair:2   | Reached skill level 10 in Air Magic
 25116 | Lair:2   | Reached XP level 13. HP: 128/141 MP: 12/31
 25654 | Lair:2   | Found the +8 whip "Snakebite" {venom, curare, rPois}
 26712 | Lair:2   | Acquired 858 gold pieces
 27221 | Lair:3   | Found a staircase to the Swamp.
 28232 | Lair:3   | Reached skill level 15 in Spellcasting
 29753 | Lair:4   | Noticed Nessos
 29764 | Lair:4   | Killed Nessos
 30582 | Lair:5   | Entered Level 5 of the Lair of Beasts
 31490 | Lair:4   | Reached XP level 14. HP: 156/156 MP: 20/33
 35974 | D:13     | Reached skill level 10 in Dodging
 37052 | D:12     | Found a runed translucent gate.
 37052 | D:12     | Noticed Quickbrownfox's ghost (journeyman DsIE)
 37053 | D:12     | Found a runed translucent gate.
 37053 | D:12     | Found a runed translucent gate.
 37054 | D:12     | Identified the +1 plate armour of the Marlin {rF+ rC++}
 38280 | D:13     | Reached skill level 15 in Fighting
 39016 | D:13     | Found a gate to the Vaults.
 40849 | D:14     | Identified the +6 long sword of Gravity {vorpal, rElec}
 41077 | D:14     | Reached XP level 15. HP: 67/167 MP: 0/35
 41349 | D:15     | Entered Level 15 of the Dungeon
 41892 | D:15     | Noticed an emperor scorpion
 41900 | D:15     | Killed an emperor scorpion
 43046 | D:15     | Noticed a fire giant
 43046 | D:15     | an alligator snapping turtle changed into a fire giant
 43048 | D:15     | a fire giant changed into an alligator snapping turtle
 43052 | D:15     | Noticed a fenstrider witch
 43052 | D:15     | an alligator snapping turtle changed into a fenstrider
                  | witch
 43053 | D:15     | a fenstrider witch changed into an eleionoma
 43457 | D:15     | Found a staircase to the Depths.
 44469 | Lair:4   | Bought a ripped robe for 136 gold pieces
 44469 | Lair:4   | Identified the +0 robe of Yredelemnul's Regard {rElec Will+
                  | rCorr Dex-2} (You bought it in a shop on level 4 of the
                  | Lair of Beasts)
 45018 | Lair:5   | Identified the +6 rapier of Ignis's Approval {vorpal,
                  | +Blink rC++}
 46242 | Lair:5   | Found a runed translucent door.
 46242 | Lair:5   | Found a viscous altar of Jiyva.
 46396 | Lair:5   | Found a staircase to the Slime Pits.
 47943 | Lair:5   | Reached skill level 1 in Evocations
 48581 | Lair:5   | Identified the ring "Reukeoh" {Fire rElec rPois Dex-3}
 48779 | Swamp:1  | Entered Level 1 of the Swamp
 48975 | Swamp:1  | Identified the +2 robe of the Blue Moon {Regen+ Int+2}
 49441 | Swamp:1  | Reached XP level 16. HP: 180/180 MP: 16/36
 50592 | Swamp:2  | Learned a level 1 spell: Apportation
 51204 | Swamp:2  | Reached skill level 15 in Air Magic
 52188 | Swamp:3  | Noticed Mlioglotl
 52272 | Swamp:3  | Noticed a bone dragon
 52273 | Swamp:3  | Killed Mlioglotl
 53409 | Spider:1 | Entered Level 1 of the Spider Nest
 54351 | Elf:1    | Entered Level 1 of the Elven Halls
 54351 | Elf:1    | Found a runed translucent gate.
 54351 | Elf:1    | Found a runed translucent gate.
 54351 | Elf:1    | Found a runed translucent gate.
 54351 | Elf:1    | Found a runed translucent gate.
 54351 | Elf:1    | Found a runed translucent gate.
 54351 | Elf:1    | Found a runed translucent gate.
 54354 | Elf:1    | Found a runed translucent door.
 54364 | Elf:1    | HP: 7/183 [fire elemental[a deep elf pyromancer] (5)]
 54364 | Elf:1    | Slain by a fire elemental

Illustrated notes

Levels and vault maps discovered:
D:1:      minmay_arrival_diagonal_passages, layout_basic,
          minmay_misc_feat_hallway
D:2:      layout_rooms, serial_shops, nicolae_lakefront_shop,
          uniq_crazy_yiuf_cottage, uniq_robin
D:3:      layout_loops_ring, grunt_temple_overflow_order_and_chaos_1,
          okawaru_altar_gauntlet_db, shapermc_ecumenical_altar_rom_forum,
          moated_statue
D:4:      layout_cave_pools, elyvilon_altar_3, serial_shops, shop, st_stairs_6,
          uniq_sigmund, uniq_natasha, uniq_blork_the_orc
D:5:      layout_loops_ring, serial_demonic, serial_demonic_d, serial_demonic_f,
          serial_demonic_c, serial_demonic_e, serial_demonic_a,
          portal_sewer_entry_b, serial_park_tiny_pond
D:6:      layout_rooms, mainiacjoe_overflow_cross_hatched, serial_shops, shop,
          minmay_misc_feat_room, minmay_shop_damaged, uniq_pikel
D:7:      layout_basic, grunt_temple_overflow_growth_and_decay,
          minmay_temple_entry_from_below_a
D:8:      kennysheep_steamy, layout_loops_cross, grunt_temple_overflow_open,
          lair_entry_dummy, serial_shops, nicolae_stop_n_shop_2, abandoned_shop
D:9:      layout_roguey, gammafunk_temple_overflow_claw, gammafunk_ghost_smash,
          chequers_jeans
D:10:     cheibrodos_helix_gallery, layout_basic,
          mainiacjoe_overflow_small_starburst, orc_0_dummy, chequers_big_river
D:11:     layout_basic, minmay_between
D:12:     layout_irregular_city, biasface_ghost_orc_armoury,
          kennysheep_generic_room_15
D:13:     layout_stronghold, hangedman_vaults_entry_quadrant_bands
D:14:     layout_gridville, bh_walls_and_bars
D:15:     gammafunk_enter_depths_forms, layout_irregular_city,
          nicolae_benzene_ring
Temple:   hellmonk_temple_rainy
Lair:1:   gammafunk_worm_tunnel, layout_small_grid
Lair:2:   minmay_guarded_unrand_snakebite, layout_cave_pods,
          spider_nest_entry_funnel_web
Lair:3:   layout_small_grid, minmay_swamp_entry_swarm, beast_lair_carwin_4,
          lemuel_fruit_fields, grunt_megastairs_1
Lair:4:   layout_cave_pods, hangedman_lair_unloving_vines, uniq_nessos
Lair:5:   evilmike_catoblepas_cave, layout_layer_cave, slime_entry_2,
          serial_bayou_pond_e, disabler_island, lemuel_fruit_fields
Swamp:1:  layout_basic_swamp, nicolae_swamp_feature_on_the_river_bank
Swamp:2:  layout_basic_swamp, evilmike_swamp_ruin_house_4
Swamp:3:  layout_falls_marsh, ebering_ghost_disaster_area,
          evilmike_swamp_ruin_rubble_1, swamp_pool4,
          nicolae_swamp_alligator_family, uniq_mlioglotl
Spider:1: nicolae_spider_jumping_over_cracks [nicolae_spider_jumping_sub_empty,
          nicolae_spider_jumping_sub_rim, nicolae_spider_jumping_sub_pools,
          nicolae_spider_jumping_sub_no_exit], drop_trap,
          nicolae_spider_not_touching_you
Orc:1:    layout_caves, gammafunk_ghost_fury_of_okawaru
Orc:2:    st_orc_mages, layout_diamond_mine, serial_shops, shop
Elf:1:    nicolae_elf_arrival_dilemma, layout_rooms, serial_hangedman_research,
          hangedman_research_convocations, hangedman_research_quantum,
          hangedman_research_metamorphosis, hangedman_research_pyrotechnics,
          serial_shops, shop, nicolae_shop_bloodbath_and_beyond,
          nicolae_shop_statue_plus, orc_legates, drop_trap

Skill      XL: |  1  2  3  4  5  6  7  8  9 10 11 12 13 14 15 16 |
---------------+-------------------------------------------------+-----
Conjurations   | 1 |  1.2
Dodging        | 2 4 6 8 9 10 11 | 11.9
Fighting       | 2 3 4 5 7 8 10 11 12 14 15 16 17 | 17.0
Spellcasting   | 3 4 5 7 9 10 12 13 14 15 16 17 | 17.4
Air Magic      | 3 4 5 6 7 8 10 11 13 14 15 | 15.3
Evocations     | 1 3 |  3.6
Stealth        | |  1.6

Action                   |  1- 3 |  4- 6 |  7- 9 | 10-12 | 13-15 | 16-18 || total
-------------------------+-------+-------+-------+-------+-------+-------++-------
Melee: Club              |    10 |    13 |       |       |       |       ||    23
       Punch             |       |     1 |       |       |     5 |       ||     6
       Staff             |       |     7 |     3 |    28 |   134 |     2 ||   174
 Cast: Shock             |    75 |   116 |    93 |     4 |     7 |     3 ||   298
       Static Discharge  |     1 |    27 |    38 |    37 |   113 |    11 ||   227
       Airstrike         |       |       |    59 |   291 |   603 |   191 ||  1144
       Passwall          |       |       |       |     1 |     1 |       ||     2
       Lightning Bolt    |       |       |       |       |    11 |       ||    11
Invok: Potion Petition   |       |       |       |     4 |     7 |     1 ||    12
       Call Merchant     |       |       |       |       |     2 |       ||     2
Evoke: Wand              |       |       |       |     4 |    11 |       ||    15
  Use: Potion            |     2 |       |     2 |     1 |     5 |     1 ||    11
       Scroll            |     1 |     4 |       |    11 |    20 |     2 ||    38
 Stab: Sleeping          |       |     1 |       |       |       |       ||     1
       Distracted        |       |       |       |       |     1 |       ||     1
Armor: Robe              |    11 |    18 |    12 |    43 |   118 |    54 ||   256
       Skin              |       |       |       |    10 |    23 |       ||    33
Dodge: Dodged            |    23 |    75 |    69 |    83 |   241 |    86 ||   577
       Repelled          |       |       |       |       |       |     2 ||     2
Block: Other             |       |       |       |    39 |   100 |       ||   139
       Reflection        |       |       |       |     2 |    11 |       ||    13
